 Dungeon Crawl Stone Soup version 0.21-a0-221-gfe971b9 (webtiles) character file.

273 RedPan the Conjurer (level 6, -1/45 HPs)
             Began as a Draconian Conjurer on Aug 25, 2017.
             Slain by an ogre
             ... wielding a +0 giant spiked club
              (22 damage)
             ... on level 3 of the Dungeon.
             The game lasted 00:09:23 (3530 turns).

RedPan the Conjurer (Draconian Conjurer)            Turns: 3530, Time: 00:09:24

Health: -1/45      AC:  6    Str: 10    XL:     6   Next: 2%
Magic:  1/13       EV: 12    Int: 17    God:
Gold:   80         SH:  0    Dex: 12    Spells: 8/15 levels left

rFire    . . .     SeeInvis .   e - -1 spear (curse)
rCold    . . .     Gourm    .   (no shield)
rNeg     . . .     Faith    .   (armour unavailable)
rPois    .         Spirit   .   (helmet restricted)
rElec    .         Reflect  .   (no cloak)
rCorr    .         Harm     .   (no gloves)
MR       .....                  (no boots)
Stlth    ++........             (no amulet)
HPRegen  0.15/turn              (no ring)
MPRegen  0.13/turn              (no ring)

@: no status effects
A: unfitting armour, cold-blooded, AC +6
a: no special abilities


You were on level 3 of the Dungeon.
You were not hungry.

You visited 1 branch of the dungeon, and saw 3 of its levels.

You collected 80 gold pieces.

Inventory:

Hand Weapons
 c - a +1 dagger
 e - a cursed -1 spear (weapon)
Scrolls
 i - a scroll of amnesia
 k - 5 scrolls of identify
 m - a scroll of immolation
Potions
 d - a potion of brilliance
 h - 3 potions of heal wounds
 j - a potion of resistance {unknown}
Books
 a - a book of Conjurations

   Spells                             Type                      Level
   a - Magic Dart                     Conjuration                  1
   b - Searing Ray                    Conjuration                  2
   c - Dazzling Spray                 Conjuration/Hexes            3
   d - Fulminant Prism                Conjuration/Hexes            4
   e - Force Lance                    Conjuration/Translocation    4
   f - Iskenderun's Mystic Blast      Conjuration                  4
Comestibles
 b - 2 bread rations
 f - a royal jelly
 g - 3 chunks of flesh


   Skills:
 + Level 2.0 Dodging
 - Level 1.7 Stealth
 - Level 5.0 Spellcasting
 + Level 5.1 Conjurations


You had 8 spell levels left.
You knew the following spells:

 Your Spells              Type           Power        Failure   Level  Hunger
a - Magic Dart            Conj           ###.         1%          1    None
b - Searing Ray           Conj           ###...       2%          2    #......
c - Iskenderun's Mystic   Conj           ###.....     17%         4    ####...


Dungeon Overview and Level Annotations

Branches:
Dungeon (3/15)

Altars:
Kikubaaqudgha
Wu Jian
Yredelemnul

Annotations:
D:2 2 transporters, Menkaure


Innate Abilities, Weirdness & Mutations

Your plain brown scales are hard. (AC +6)
You cannot fit into any form of body armour.
You are cold-blooded and may be slowed by cold attacks.


Message History

(Press . to maintain the ray.)
The ogre misses you.
Casting: Searing Ray
Confirm with . or Enter, or press ? or * to list all spells.
Aiming: Searing Ray
Press: ? - help, Shift-Dir - straight line, f/p - ogre
Aim: an ogre, wielding a giant spiked club (heavily wounded)
The searing ray hits the ogre.
The ogre is severely wounded. (Press . to maintain the ray.)
Casting: Searing Ray
Confirm with . or Enter, or press ? or * to list all spells.
Aiming: Searing Ray
Press: ? - help, Shift-Dir - straight line, f/p - ogre
Aim: an ogre, wielding a giant spiked club (severely wounded)
The searing ray hits the ogre.
The ogre is almost dead. (Press . to maintain the ray.)
The ogre hits you with a giant spiked club!!
You die...

........# #.........# .......##
#.........### ........####
#............ .. ...........#
#..........# ... ..).....#.<#
#.........# .... ........##.##
#.........# ###....
........##..###.........# .......
.......###...)#####.#..###.......
#.....## ##.....@O.......#.......
###..## ##.#######..##.........
#..# #..######..####....... #..#
##....##(..# ......?
##.##########.....#.# .......
#.#..........##>##.# .......
#.............#)##.# .......
#................#.#########..
#.............<.........> ..


You could see an ogre.

Vanquished Creatures
  The ghost of Tyryt0 the Sneak, an amateur OpMo of Dithmenos (D:3)
  An orc wizard (D:2)
  A hound skeleton (D:3)
  4 gnolls
  5 adders
  A worm (D:2)
  A dart slug (D:2)
  2 leopard geckos (D:1)
  3 orcs
  A ball python (D:1)
  A giant cockroach (D:2)
  8 goblins
  7 hobgoblins
  4 jackals (D:1)
  7 kobolds
  A quokka (D:3)
  7 bats
  3 frilled lizards
  9 rats
67 creatures vanquished.

Notes
Turn   | Place    | Note
-------+----------+-------------------------------------------
     0 | D:1      | RedPan the Draconian Conjurer began the quest for the Orb.
     0 | D:1      | Reached XP level 1. HP: 14/14 MP: 3/3
   581 | D:1      | Reached XP level 2. HP: 20/20 MP: 5/5
   585 | D:1      | Learned a level 2 spell: Searing Ray
  1331 | D:1      | Reached skill level 5 in Conjurations
  1423 | D:1      | Reached XP level 3. HP: 26/26 MP: 4/6
  2096 | D:2      | Reached XP level 4. HP: 26/33 MP: 6/8
  2170 | D:2      | Found a transporter.
  2189 | D:2      | Found an ornate altar of the Wu Jian Council.
  2359 | D:2      | Found an ancient bone altar of Kikubaaqudgha.
  2359 | D:2      | Found a basalt altar of Yredelemnul.
  2360 | D:2      | Noticed Menkaure
  2387 | D:2      | Noticed a hungry ghost
  2400 | D:2      | Found a transporter.
  2596 | D:2      | Learned a level 4 spell: Iskenderun's Mystic Blast
  2606 | D:3      | Noticed Tyryt0's ghost (amateur OpMo)
  2907 | D:2      | Reached XP level 5. HP: 15/38 MP: 3/11
  3302 | D:3      | Killed Tyryt0's ghost
  3302 | D:3      | Reached skill level 5 in Spellcasting
  3496 | D:3      | Reached XP level 6. HP: 44/45 MP: 9/13
  3530 | D:3      | Slain by an ogre

Vault maps used:
D:1:      dpeg_arrival_rooms_b
D:2:      gammafunk_temple_of_torment, old_standard_altar, first_bread,
          minmay_cupped

Skill      XL: |  1  2  3  4  5  6 |
---------------+-------------------+-----
Conjurations   | 5 |  5.1
Spellcasting   | 3 4 5 |  5.0
Dodging        | 2 |  2.0
Stealth        | |  1.7

Action                   |  1- 3 |  4- 6 || total
-------------------------+-------+-------++-------
Melee: Dagger            |    97 |    35 ||   132
       Unarmed           |     6 |       ||     6
       Tailslap          |     8 |     7 ||    15
       Spear             |       |    29 ||    29
 Cast: Magic Dart        |    34 |    52 ||    86
       Searing Ray       |     2 |    14 ||    16
  Use: Scroll            |       |     7 ||     7
       Potion            |       |     1 ||     1
 Stab: Sleeping          |     3 |     1 ||     4
       Distracted        |       |     1 ||     1
  Eat: Chunk             |     4 |     1 ||     5
       Bread ration      |       |     1 ||     1
Armor: Skin              |    45 |    33 ||    78
Dodge: Dodged            |    90 |    65 ||   155

Table legend:
 A = Spawn XP
 B = Non-spawn XP
 C = Spawn XP percentage of total XP
 D = Spawn monster count
 E = Non-spawn monster count
 F = Spawn count percentage of total count
 G = Total turns spent on level
                    A         B        C        D         E        F      G
               +---------+---------+-------+---------+---------+-------+---------
         Total |      37 |     353 |   9.5 |      12 |      55 |  17.9 |  3530
               +---------+---------+-------+---------+---------+-------+---------
           D:1 |      13 |      38 |  25.5 |       7 |      20 |  25.9 |  1747
           D:2 |       4 |     141 |   2.8 |       3 |      25 |  10.7 |  1378
           D:3 |      20 |     174 |  10.3 |       2 |      10 |  16.7 |   405
               +---------+---------+-------+---------+---------+-------+---------
